 Dungeon Crawl Stone Soup version 0.26-a0-259-g1effd001a9 (webtiles) character file.

Game seed: 6507615509345655939

4447 drasked the Cleaver (level 10, 0/97 HPs)
             Began as a Gargoyle Berserker on July 12, 2020.
             Was a High Priest of Trog.
             Slain by Erica
             ... wielding a +2 scimitar of flaming
              (8 damage)
             ... on level 8 of the Dungeon.
             The game lasted 00:20:11 (11820 turns).

drasked the Cleaver (Gargoyle Berserker)           Turns: 11820, Time: 00:20:12

Health: 0/97       AC: 25    Str: 23    XL:     10   Next: 37%
Magic:  10/10      EV:  2    Int:  9    God:    Trog [*****.]
Gold:   416        SH:  0    Dex:  9    Spells: 9/9 levels left

rFire    . . .     SeeInvis .   a - +0 hand axe
rCold    . . .     Faith    .   (no shield)
rNeg     + + +     Spirit   .   (armour currently unavailable)
rPois    ∞         Reflect  .   (helmet currently unavailable)
rElec    .         Harm     .   (cloak currently unavailable)
rCorr    .         NoTele   +   (gloves currently unavailable)
MR       .....                  (boots currently unavailable)
Stlth    +.........             (no amulet)
HPRegen  0.26/turn              (no ring)
MPRegen  0.12/turn              (no ring)

@: brilliant, tree-form, berserk cooldown, slowed, very slow
A: negative energy resistance 1, petrification resistance, rot immunity, AC +7
a: Berserk, Trog's Hand, Brothers in Arms, Renounce Religion


You were on level 8 of the Dungeon.
You worshipped Trog.
Trog was extremely pleased with you.
You were not hungry.
You were a tree.
You visited 1 branch of the dungeon, and saw 9 of its levels.

You collected 416 gold pieces.

Inventory:

Hand Weapons
 a - a +0 hand axe (weapon)
Missiles
 p - 2 javelins
 v - 6 poisoned darts (quivered)
 B - 5 boomerangs
Armour
 n - a +1 helmet (melded)
   (You found it on level 1 of the Dungeon)
 o - a +0 pair of boots (melded)
   (You found it on level 3 of the Dungeon)
 A - a scarf of resistance (melded)
   (You found it on level 6 of the Dungeon)
 E - a -1 chain mail (melded)
   (You found it on level 8 of the Dungeon)
Wands
 c - a wand of disintegration (5)
   (You found it on level 5 of the Dungeon)
 j - a wand of polymorph (17)
   (You found it on level 2 of the Dungeon)
Scrolls
 f - a scroll of random uselessness {unknown}
 i - 4 scrolls of identify
 k - 4 scrolls of enchant armour
 q - a scroll of holy word {unknown}
 s - a scroll of vulnerability {unknown}
 t - 4 scrolls of teleportation
 u - a scroll of noise {unknown}
 w - 3 scrolls of remove curse
 x - a scroll of fear {unknown}
 y - a scroll of blinking {unknown}
 C - a scroll of fog {unknown}
Potions
 d - 3 potions of degeneration {!q!q}
 g - 6 potions of lignification {!q!q}
 h - 4 potions of flight
 r - 2 potions of mutation {!q!q}
 z - a potion of brilliance
 D - a potion of haste {unknown}
Comestibles
 e - 32 rations


   Skills:
 + Level 8.9 Fighting
 * Level 10.0 Axes
 + Level 8.4 Armour
 - Level 1.5 Dodging


You had 9 spell levels left.
You didn't know any spells.
Your spell library was empty.

Dungeon Overview and Level Annotations

Branches:
Dungeon (9/15)             Temple (0/1) D:5            Lair (0/6) D:8
    Orc: D:9-12

Altars:
Cheibriados
Fedhas
Nemelex Xobeh
Uskayaw
Wu Jian
Xom
Zin

Annotations:
D:8 Erica


Innate Abilities, Weirdness & Mutations

You are resistant to torment.
((Your stone body is resilient. (AC +7)))
You are immune to poison.
You resist negative energy. (rN+)
((You are resistant to electric shocks. (rElec)))
((You can survive without breathing.))
You are immune to petrification.
You are immune to rotting.


Message History

The orc priest casts a cantrip, but nothing happens.
You climb upwards.
Reactivating autopickup.
There is a stone staircase leading down here.
Really quaff
g - 7 potions of lignification {!q!q}?
Really quaff the potion of lignification?
You turn into a tree.
Your scarf of resistance melds into your body.
Your +1 helmet melds into your body.
Your +0 pair of boots melds into your body.
Your -1 chain mail melds into your body.
You feel hot and cold all over.
Your roots penetrate the ground.
You hear some strange, mumbled words.
Deactivating autopickup; reactivate with Ctrl-A.
You are confused.
The orc hits you but does no damage.
The orc warrior hits you but does no damage.
Something hits you but does no damage. The orc hits you but does no damage.
The orc warrior hits you but does no damage.
You cannot move. (Use ctrl+direction or * direction to attack without moving.)
You slash the orc!
You kill the orc!
You barely miss the orc warrior. You completely miss something.
You hear some strange, mumbled words.
Something tries to affect you, but you resist.
The orc warrior hits you but does no damage.
You completely miss the orc warrior. You barely miss something.
Something hits you but does no damage.
The orc warrior hits you with a +0 mace.
* * * LOW HITPOINT WARNING * * *
You hit something. You closely miss the orc warrior.
Something hits you but does no damage.
The orc warrior hits you with a +0 mace.
* * * LOW HITPOINT WARNING * * *
You slash something! You closely miss the orc warrior.
You hear some strange, mumbled words.
A bolt of poison appears from out of thin air!
The bolt of poison hits you but does no damage.
You resist.
The orc warrior hits you but does no damage.
You completely miss something. You hit the orc warrior.
You feel less confused. Something hits you but does no damage.
The orc warrior hits you but does no damage.
You closely miss the orc warrior. You miss something.
You feel yourself speed up. Something hits you but does no damage.
The orc warrior hits you but does no damage.
You hit the orc warrior. You miss something.
Something hits you but does no damage.
It was a potion of brilliance.
You feel clever all of a sudden.
The orc warrior hits you but does no damage.
You hear some strange, mumbled words.
A bolt of poison appears from out of thin air!
The bolt of poison hits you but does no damage.
You resist.
You feel much better.
The orc warrior hits you with a +0 mace.
* * * LOW HITPOINT WARNING * * *
You hear some strange, mumbled words.
You feel yourself slow down.
You closely miss the orc warrior. You completely miss something.
The orc warrior hits you with a +0 mace!
* * * LOW HITPOINT WARNING * * *
Something hits you but does no damage.
You hit the orc warrior but do no damage.
You hit something.
The orc warrior hits you but does no damage.
Something hits you but does no damage.
You completely miss something. You closely miss the orc warrior.
The orc warrior hits you but does no damage.
Something hits you but does no damage.
You slash something! You closely miss the orc warrior.
The orc warrior hits you with a +0 mace!
* * * LOW HITPOINT WARNING * * *
Something hits you.
* * * LOW HITPOINT WARNING * * *
Something burns you.
* * * LOW HITPOINT WARNING * * *
You miss something. You barely miss the orc warrior.
The orc warrior hits you but does no damage.
You hear some strange, mumbled words.
You are confused.
You cannot move. (Use ctrl+direction or * direction to attack without moving.)
You hit the orc warrior. You miss something.
Erica appears from thin air!
Reactivating autopickup.
Erica casts a spell at you. You resist with significant effort.
The orc warrior hits you but does no damage.
It was a potion of berserk rage.
You're still recovering from your berserk rage.
Erica hits you with a +2 scimitar of flaming.
* * * LOW HITPOINT WARNING * * *
Erica burns you.
* * * LOW HITPOINT WARNING * * *
The orc warrior hits you but does no damage.
It was a potion of curing.
You feel better.
Erica hits you with a +2 scimitar of flaming!
You die...

####### #### #.....##### #...
#.....#...# #... ### #o....#...#
#... ######.# #♣....'..######...
#......#####)@...#..##...#...
##...............#.......#...
#...............#.......#...
##...#.....###'##..##...'... ###
#..###.....#...##..####'#...
#.####.[..#.....#.......#........
#....##...#.....'.......#........
.....#....'.....##'###..#........


You could see Erica and an orc warrior.

Levels and vault maps discovered:
D:1:      lightli_arrival_flooded_house, layout_basic,
          chequers_serial_rivers_small_3, supply_closet_lemuel
D:2:      layout_rooms, lemuel_round_altar, grunt_temple_overflow_diamond,
          chequers_ecumenical_altar_island
D:3:      minmay_bubble_buster, layout_loops_corners, overflow_temple_1_default,
          minmay_fractal_squares_gapless_5, uniq_jessica, uniq_robin
D:4:      layout_rooms, minmay_box_of_dots
D:5:      layout_basic, grunt_temple_overflow_open, minmay_temple_entry_waves,
          first_ration
D:6:      layout_basic, st_stairs_8, uniq_crazy_yiuf_cottage
D:7:      layout_layer_cave, uniq_menkaure
D:8:      layout_gridville, lair_entry_dummy, ebering_ghost_reflecting_pool,
          hangedman_pestilent_swarm
D:9:      due_megacathedral, layout_cave_pools, nicolae_ashenzari_panopticon,
          serial_shops, shop, uniq_erica

Notes
Turn   | Place    | Note
-------+----------+-------------------------------------------
     0 | D:1      | drasked the Gargoyle Berserker began the quest for the Orb.
     0 | D:1      | Reached XP level 1. HP: 14/14 MP: 1/1
    11 | D:1      | Identified a +0 dagger
    11 | D:1      | Identified a +0 club
    21 | D:1      | Reached XP level 2. HP: 14/19 MP: 2/2
   117 | D:1      | Identified a +0 short sword
   119 | D:1      | Reached skill level 3 in Axes
   161 | D:1      | Identified a +0 club
   181 | D:1      | Identified a +0 short sword
   193 | D:1      | Identified a +0 club
   284 | D:1      | Identified a +0 dagger
   376 | D:1      | Identified a +0 club
   464 | D:1      | Identified a cursed -3 club
   619 | D:1      | Identified a +0 club
   632 | D:1      | Reached XP level 3. HP: 23/23 MP: 3/3
   721 | D:1      | Reached ** piety under Trog
   999 | D:1      | Identified a +0 club
  1132 | D:1      | Identified a +0 club
  1493 | D:2      | Identified a +0 club
  1496 | D:2      | Identified a +0 club
  1498 | D:2      | Reached XP level 4. HP: 20/29 MP: 4/4
  1502 | D:2      | Reached skill level 3 in Armour
  1589 | D:2      | Identified a +0 club
  1716 | D:2      | Found a faded altar of an unknown god.
  1755 | D:2      | Identified a cursed -3 club
  1755 | D:2      | Identified a +0 hunting sling
  1760 | D:2      | Reached skill level 4 in Fighting
  2014 | D:2      | Identified a +0 club
  2238 | D:2      | Identified a +0 club
  2285 | D:2      | Found a hide-covered altar of Uskayaw.
  2505 | D:2      | Found a glowing silver altar of Zin.
  2508 | D:2      | Found a snail-covered altar of Cheibriados.
  2511 | D:2      | Found an ornate altar of the Wu Jian Council.
  2566 | D:2      | Identified a +0 short sword
  2663 | D:2      | Identified a +0 helmet (You found it on level 1 of the
                  | Dungeon)
  2664 | D:3      | Identified a +0 whip
  2664 | D:3      | Identified a +0 animal skin
  2664 | D:3      | Identified a +0 helmet
  2664 | D:3      | Noticed Robin
  2664 | D:3      | Identified a +0 dagger
  2664 | D:3      | Identified a +0 dagger
  2664 | D:3      | Identified a +0 hunting sling
  2664 | D:3      | Identified a +0 dagger
  2664 | D:3      | Identified a +0 hunting sling
  2665 | D:3      | Identified a +0 dagger
  2676 | D:2      | Reached *** piety under Trog
  2676 | D:2      | Reached skill level 4 in Axes
  2695 | D:3      | Reached XP level 5. HP: 33/33 MP: 5/5
  2696 | D:3      | Killed Robin
  3195 | D:3      | Identified a +0 dagger
  3418 | D:3      | Found a sparkling altar of Nemelex Xobeh.
  3434 | D:3      | Identified a cursed -2 trident
  3434 | D:3      | Identified a +0 leather armour
  3437 | D:3      | Identified a +0 whip
  3437 | D:3      | Identified a +0 leather armour
  3471 | D:3      | Identified a +0 club
  3572 | D:3      | Identified a +0 club
  3799 | D:3      | Identified a +0 club
  3840 | D:3      | Identified a +0 dagger
  3887 | D:3      | Reached XP level 6. HP: 36/39 MP: 6/6
  3907 | D:3      | Identified a +0 short sword
  3907 | D:3      | Identified a +0 ring mail
  3908 | D:3      | Identified a +0 short sword
  3908 | D:3      | Identified a +0 scale mail
  3911 | D:3      | Identified a +0 trident
  3918 | D:3      | Identified a cursed -2 short sword
  3943 | D:3      | Reached **** piety under Trog
  3950 | D:3      | Identified a +0 mace
  3950 | D:3      | Identified a +0 scale mail
  3952 | D:3      | HP: 9/39 [orc/+0 trident (3)]
  4000 | D:3      | Identified a +0 trident
  4047 | D:3      | Identified a +0 dagger
  4356 | D:3      | Identified a +0 robe
  4356 | D:3      | Noticed Jessica
  4356 | D:3      | Identified a +0 short sword
  4602 | D:3      | Killed Jessica
  4740 | D:4      | Identified a +0 dagger
  4740 | D:4      | Identified a +0 robe
  4740 | D:4      | Identified a +0 mace
  4740 | D:4      | Identified a +0 club
  4740 | D:4      | Identified a cursed +0 leather armour
  4742 | D:4      | Identified a +0 scale mail
  4749 | D:4      | Identified a +0 hand axe
  4749 | D:4      | Identified a cursed +0 scale mail
  4760 | D:4      | HP: 8/40 [orc wizard/magic dart (6)]
  4761 | D:4      | Reached skill level 4 in Armour
  4762 | D:4      | Reached skill level 5 in Axes
  5112 | D:4      | Identified a +0 cloak (You found it on level 4 of the
                  | Dungeon)
  5117 | D:4      | Identified a +0 pair of boots (You found it on level 3 of
                  | the Dungeon)
  5193 | D:4      | Noticed a phantom
  5295 | D:4      | Killed a phantom
  5295 | D:4      | Reached skill level 5 in Fighting
  5295 | D:4      | Reached XP level 7. HP: 28/44 MP: 7/7
  5778 | D:5      | Entered Level 5 of the Dungeon
  5785 | D:5      | Identified a +0 giant spiked club
  6340 | D:5      | Found a staircase to the Ecumenical Temple.
  6354 | D:5      | Identified a +0 dagger
  6355 | D:5      | Identified a +0 mace
  6356 | D:5      | Identified a +0 club
  6356 | D:5      | Identified a +0 ring mail
  6377 | D:5      | Identified a +0 flail
  6377 | D:5      | Identified a +0 ring mail
  6538 | D:5      | Found a shimmering altar of Xom.
  6539 | D:5      | Found a blossoming altar of Fedhas.
  6540 | D:5      | Identified a +0 giant spiked club
  6545 | D:5      | HP: 9/44 [ogre/+0 giant spiked club (17)]
  6548 | D:5      | Reached skill level 6 in Axes
  6835 | D:5      | Reached skill level 5 in Armour
  6835 | D:5      | Reached XP level 8. HP: 39/51 MP: 8/8
  7050 | D:5      | Identified a ring of ice (You found it on level 5 of the
                  | Dungeon)
  7146 | D:6      | Identified a +0 mace
  7209 | D:6      | Reached skill level 6 in Fighting
  7321 | D:6      | Identified a +0 spear
  7321 | D:6      | Identified a +0 whip
  7336 | D:6      | Identified a +0 halberd
  7338 | D:6      | Identified a +0 spear
  7338 | D:6      | Identified a +0 ring mail
  7438 | D:6      | Reached skill level 7 in Axes
  7534 | D:6      | Identified a +0 hand axe
  7534 | D:6      | Identified a +0 leather armour
  7538 | D:6      | Identified a +0 leather armour
  7544 | D:6      | Identified a +0 scale mail
  7545 | D:6      | Identified a +0 flail
  7545 | D:6      | Identified a +0 leather armour
  7889 | D:6      | Found a runed translucent door.
  7890 | D:6      | Identified a +3 quarterstaff of chaos
  7890 | D:6      | Identified a +0 cloak
  7890 | D:6      | Noticed Crazy Yiuf
  7953 | D:6      | Identified a scarf of resistance (You found it on level 6
                  | of the Dungeon)
  8068 | D:6      | Identified a +0 spear
  8068 | D:6      | Identified a +0 spear
  8069 | D:6      | Identified a +2 vorpal spear
  8074 | D:6      | Reached skill level 6 in Armour
  8292 | D:6      | Identified a +0 giant club
  8519 | D:6      | Killed Crazy Yiuf
  8567 | D:7      | Identified a +0 falchion
  8567 | D:7      | Identified a +0 leather armour
  8786 | D:7      | Noticed Menkaure
  8886 | D:7      | Killed Menkaure
  8886 | D:7      | Reached skill level 7 in Fighting
  8886 | D:7      | Reached XP level 9. HP: 57/57 MP: 9/9
  9108 | D:7      | Reached ***** piety under Trog
  9131 | D:7      | Reached skill level 8 in Axes
  9184 | D:7      | Identified a +0 short sword
  9227 | D:7      | Identified a +0 mace
  9227 | D:7      | Identified a +0 dagger
  9228 | D:7      | Identified a +0 morningstar
  9251 | D:7      | Identified a +0 dagger
  9251 | D:7      | Identified a +0 robe
  9411 | D:7      | Identified a +2 shortbow of freezing
  9963 | D:8      | Identified 6 scrolls of identify
  9963 | D:8      | Identified 4 potions of lignification
  9964 | D:8      | Identified 3 potions of flight
  9965 | D:8      | Identified 3 potions of heal wounds
  9966 | D:8      | Identified 2 potions of mutation
  9967 | D:8      | Identified 2 potions of degeneration
  9968 | D:8      | Identified 3 scrolls of teleportation
 10011 | D:8      | Identified 5 scrolls of enchant armour
 10012 | D:8      | Identified 5 scrolls of remove curse
 10044 | D:8      | Reached skill level 7 in Armour
 10389 | D:8      | Noticed a hornet
 10391 | D:8      | Noticed a hornet
 10403 | D:8      | Noticed a hornet
 10411 | D:8      | Killed a hornet
 10415 | D:8      | HP: 20/88 [hornet (10)]
 10421 | D:8      | Killed a hornet
 10421 | D:8      | Reached skill level 8 in Fighting
 10421 | D:8      | Reached skill level 9 in Axes
 10423 | D:8      | HP: 10/88 [hornet (11)]
 10425 | D:8      | HP: 4/88 [hornet (3)]
 10430 | D:8      | Killed a hornet
 10958 | D:8      | Identified a +0 dagger
 10958 | D:8      | Identified a +0 robe
 10958 | D:8      | Identified a +0 club
 10958 | D:8      | Identified a +0 leather armour
 10958 | D:8      | Identified a +0 mace
 10959 | D:8      | Identified a +0 long sword
 10959 | D:8      | Identified a +0 chain mail
 10966 | D:8      | Identified a +0 mace
 10974 | D:8      | Identified a +0 dagger
 10974 | D:8      | Identified a +0 robe
 10974 | D:8      | Identified a +0 flail
 10976 | D:8      | Identified a +0 dire flail
 10976 | D:8      | Identified a +0 plate armour
 10978 | D:8      | HP: 13/59 [orc warrior/+0 long sword (5)]
 10980 | D:8      | HP: 5/59 [orc warrior/+0 long sword (7)]
 10981 | D:8      | Identified a +0 hand axe
 10986 | D:8      | Reached XP level 10. HP: 60/64 MP: 10/10
 10997 | D:8      | Reached skill level 8 in Armour
 11041 | D:8      | Identified a +2 dagger of flaming
 11041 | D:8      | Identified a +0 ring mail
 11050 | D:8      | Identified a +0 dagger
 11050 | D:8      | Identified a +0 robe
 11050 | D:8      | Identified a +0 dagger
 11050 | D:8      | Identified a +0 robe
 11208 | D:8      | Found a staircase to the Lair.
 11428 | D:8      | Identified a cursed -1 chain mail (You found it on level 8
                  | of the Dungeon)
 11473 | D:8      | Found a runed translucent door.
 11483 | D:8      | Noticed slayr's ghost (novice DDFi)
 11706 | D:8      | Killed slayr's ghost
 11706 | D:8      | Reached skill level 10 in Axes
 11761 | D:9      | Identified a +2 scimitar of flaming
 11761 | D:9      | Identified a +0 robe
 11761 | D:9      | Noticed Erica
 11789 | D:9      | Identified a +0 mace
 11789 | D:9      | Identified a +0 mace
 11789 | D:9      | Identified a cursed +0 chain mail
 11794 | D:9      | Identified a +0 club
 11801 | D:9      | HP: 10/65 [orc priest/divine providence (11)]
 11806 | D:8      | HP: 9/97 [orc warrior/+0 mace (2)]
 11811 | D:8      | Identified 2 potions of brilliance
 11812 | D:8      | HP: 24/97 [orc warrior/+0 mace (6)]
 11816 | D:8      | HP: 8/97 [orc warrior/+0 mace (8)]
 11816 | D:8      | HP: 3/97 [something (1)]
 11819 | D:8      | Identified a potion of berserk rage
 11820 | D:8      | Identified a potion of curing
 11820 | D:8      | Slain by Erica

Table legend:
 A = Turns spent in this place as a percentage of turns spent in the entire game.
 B = Non-inter-level travel turns spent in this place as a percentage of non-inter-level travel turns spent in the entire game.
 C = Inter-level travel turns spent in this place as a percentage of turns spent in this place.
 D = Turns resting spent in this place as a percentage of non-inter-level travel turns spent in this place.
 E = Turns spent auto-exploring this place as a percentage of non-inter-level travel turns spent in this place.
 F = Non-inter-level travel turns spent in this place divided by the number of levels of this place that you've seen.
                   A       B       C       D       E      F
               +-------+-------+-------+-------+-------+----------------------
         Total | 100.0 | 100.0 |   4.7 |  33.2 |  47.6 | 1251.4
       Dungeon | 100.0 | 100.0 |   4.7 |  33.2 |  47.6 | 1251.4
               +-------+-------+-------+-------+-------+----------------------

Table legend:
 A = Kills in this place as a percentage of kills in entire the game.
 B = Kills by you in this place as a percentage of kills by you in the entire game.
 C = Kills by friends in this place as a percentage of kills by friends in the entire game.
 D = Other kills in this place as a percentage of other kills in the entire game.
 E = Experience gained in this place as a percentage of experience gained in the entire game.
 F = Experience gained in this place divided by the number of levels of this place that you have seen.
                   A       B       C       D       E      F
               +-------+-------+-------+-------+-------+----------------------
         Total | 100.0 | 100.0 |   N/A |   N/A | 100.0 | 705.9
       Dungeon | 100.0 | 100.0 |   N/A |   N/A | 100.0 | 705.9
               +-------+-------+-------+-------+-------+----------------------

Skill      XL: |  1  2  3  4  5  6  7  8  9 10 |
---------------+-------------------------------+-----
Axes           | 3 4 5 6 7 9 10 | 10.0
Armour         | 3 4 5 6 7 8 |  8.4
Fighting       | 4 5 7 8 |  8.9
Dodging        | |  1.5

Action                   |  1- 3 |  4- 6 |  7- 9 | 10-12 || total
-------------------------+-------+-------+-------+-------++-------
Melee: Hand axe          |   128 |   361 |   551 |   120 ||  1160
Throw: Stone             |    68 |   205 |    82 |       ||   355
       Dart              |       |       |    78 |    12 ||    90
       Javelin           |       |       |     5 |       ||     5
Invok: Berserk           |       |     1 |     6 |     2 ||     9
  Use: Scroll            |       |       |     8 |     1 ||     9
       Potion            |       |       |     2 |     5 ||     7
  Eat: Ration            |     1 |     3 |     5 |     1 ||    10
Armor: Animal skin       |    56 |   143 |       |       ||   199
       Scale mail        |       |    26 |   314 |    30 ||   370
       Skin              |       |       |       |    20 ||    20
       Chain mail        |       |       |       |    18 ||    18
Dodge: Dodged            |    83 |   260 |   260 |    31 ||   634

Vanquished Creatures
  The ghost of slayr the Skirmisher, a novice DDFi of Makhleb (D:8)
  3 hornets (D:8)
  Menkaure (D:7)
  2 orc warriors (D:8)
  An ice beast (D:8)
  5 sky beasts
  A phantom (D:4)
  A centaur (D:7)
  3 ogres
  A necrophage (D:7)
  A big kobold (D:7)
  4 bullfrogs
  A gnoll sergeant (D:6)
  3 scorpions
  3 killer bees (D:8)
  4 howler monkeys
  A bullfrog skeleton (D:8)
  A quasit (D:6)
  A hound (D:5)
  A jelly (D:3)
  3 orc priests (D:8)
  6 orc wizards
  Crazy Yiuf (D:6)
  Jessica (D:3)
  An iguana (D:8)
  5 worker ants
  2 hound skeletons
  A worker ant zombie (D:6)
  Robin (D:3)
  3 howler monkey skeletons
  7 gnolls (D:6)
  13 adders
  2 white imps
  2 ufetubi
  4 oozes
  2 adder skeletons (D:4)
  6 worms
  3 dart slugs
  7 leopard geckos
  32 orcs
  8 giant cockroaches
  28 goblins
  9 hobgoblins
  10 jackals
  7 quokkas
  A ball python (D:2)
  8 bats
  3 frilled lizards (D:3)
  15 kobolds
  7 rats
237 creatures vanquished.
